AoeStats
← NightPlague

Hideout

508185199Analyzed
1v1 RM · 12d ago on Sep 21, 2026· 19m 22s· 2 players
Game mode
Random Map
Map size
Tiny (2 player)
Population
200
Speed
Normal
Resources
Standard
Victory
Conquest
Starting age
Dark Age
Ending age
Imperial Age
RankedLock teamsTeams togetherTeam positionsShared explorationLock speedFull tech treeHidden civsTurbo modeCheats
Victory
Defeat
🇳🇱 Bengalis · Netherlands
865
+17
🇫🇷 Franks · France
891
-17
vincentophoff
4:06 Loom
10:50 Feudal Age
19:09 Castle Age
18:17 Horse Collar
18:24 Double-Bit Axe
NightPlague
6:27 Loom
7:14 Loom
10:43 Feudal Age
11:13 Double-Bit Axe
16:24 Castle Age
15:26 Scale Barding Armor
15:52 Forging
Connection lost

Rejoining the realm…

Still unreachable

The connection could not be restored.

Session expired

The server has moved on; the page needs a fresh start.